 Dungeon Sprint DCSS version 0.31-a0-344-gd109795599 (webtiles) character file.

Game seed: 812786621283787010

619 garrulousMonolith the Grappler (level 7, -2/59 HPs)
             Began as a Gnoll Shapeshifter on July 21, 2023.
             Was a Believer of Cheibriados.
             Slain by a deep elf knight
             ... wielding a +0 scimitar
              (14 damage)
             ... in the Dungeon (Sprint V: "Ziggurat Sprint").
             The game lasted 00:01:34 (180 turns).

garrulousMonolith the Grappler (Gnoll Shapeshifter)  Turns: 180, Time: 00:01:35

Health: -2/59      AC: 27    Str: 27    XL:     7   Next: 46%
Magic:  15/15      EV:  5    Int: 19    God:    Cheibriados [**....]
Gold:   0          SH: 28    Dex: 17    Spells: 17/17 levels left

rFire   . . .        G - +11 Screaming Sword {sonic wave}
rCold   . . .        F - +18 shield of the Gong {Loud rN+ Will+ rCorr EV-5}
rNeg    + . .        E - +15 Maxwell's patent armour {-Cast -Tele rElec Will+ rCorr}
rPois   .            (helmet currently unavailable)
rElec   +            (cloak currently unavailable)
rCorr   +            (gloves currently unavailable)
SInv    .            (boots currently unavailable)
Will    ++...        (no amulet) Stlth
                     z - +6 ring of strength
HPRegen 0.29/turn    x - +6 ring of intelligence
MPRegen 0.14/turn

%: no teleportation, no spellcasting
@: beast-form, very slow
A: beast (slay +5), fangs 1, strong nose, distributed training
a: Begin Untransformation, Renounce Religion, Bend Time


You were in the Dungeon.
You worshipped Cheibriados.
Cheibriados was pleased with you.
You were a hulking beast.
You visited 1 branch

Inventory:

Hand Weapons
 B - the +6 Majin-Bo {spellvamp, MP+6 Int+6}
   (You found it in the Dungeon)

   Int:       It affects your intelligence (+6).
   MP:        It affects your magic capacity (+6).
 C - the +27 heavy crossbow "Sniper" {heavy, Acc+∞ SInv}
   (You found it in the Dungeon)

   Acc+∞: It never misses its target.
   SInv:      It lets you see invisible.
 D - the +16 obsidian axe {drain, demonic, Mesm Drain Fly SInv}
   (You found it in the Dungeon)

   Mesm:      Its wielder is mesmerised by any visible foes, and it cannot be
   unequipped while any foes are visible.
   SInv:      It lets you see invisible.
   Fly:       It grants you flight.
   Drain:     It drains your maximum health when unequipped.
 G - the +11 Screaming Sword (weapon) {sonic wave}
   (You found it in the Dungeon)
 H - the +8 lance "Wyrmbane" {slay drac, rPois rF+ rC+ AC+3}
   (You found it in the Dungeon)

   AC:        It affects your AC (+3).
   rF:        It protects you from fire.
   rC:        It protects you from cold.
   rPois:     It protects you from poison.
 I - the +6 shillelagh "Devastator" {shatter}
   (You found it in the Dungeon)
Armour
 a - a +0 animal skin
 E - the +15 Maxwell's patent armour (worn) {-Cast -Tele rElec Will+ rCorr}
   (You found it in the Dungeon)

   rElec:     It insulates you from electricity.
   -Cast:     It prevents spellcasting.
   -Tele:     It prevents most forms of teleportation.
   rCorr:     It protects you from acid and corrosion.
   Will:      It increases your willpower.
 F - the +18 shield of the Gong (worn) {Loud rN+ Will+ rCorr EV-5}
   (You found it in the Dungeon)

   Loud:      It is deafeningly noisy when blocking attacks.
   EV:        It affects your evasion (-5).
   rN:        It protects you from negative energy.
   rCorr:     It protects you from acid and corrosion.
   Will:      It increases your willpower.
 J - +5 gold dragon scales
Jewellery
 u - a ring of flight
 v - a +6 ring of dexterity
 w - a +6 ring of dexterity
 x - a +6 ring of intelligence (right hand)
 y - a +6 ring of intelligence
 z - a +6 ring of strength (left hand)
 A - a +6 ring of strength
Talismans
 c - a beast talisman
 m - a beast talisman
 K - a blade talisman
 L - a maw talisman
 M - a serpent talisman
Wands
 s - a wand of mindburst (7)
 t - a wand of light (7)
 N - a wand of polymorph (5)
Scrolls
 i - 4 scrolls of blinking
 o - 4 scrolls of amnesia
 p - 7 scrolls of fog
 q - 5 scrolls of identify
 r - 2 scrolls of fear
Potions
 b - a potion of lignification
 d - 10 potions of curing
 e - 10 potions of heal wounds
 f - 6 potions of haste
 g - 7 potions of magic
 h - 3 potions of berserk rage
 j - 2 potions of brilliance
 k - 2 potions of invisibility
 l - 4 potions of resistance
 n - 5 potions of might


   Skills:
 + Level 6.4 Fighting
 + Level 5.8 Short Blades
 + Level 5.8 Long Blades
 + Level 5.8 Axes
 + Level 5.8 Maces & Flails
 + Level 5.8 Polearms
 + Level 5.8 Staves
 + Level 5.8 Ranged Weapons
 + Level 5.8 Throwing
 + Level 5.8 Armour
 + Level 7.4 Dodging
 + Level 5.8 Stealth
 + Level 5.8 Shields
 + Level 8.8 Unarmed Combat
 + Level 5.8 Spellcasting
 + Level 4.7 Conjurations
 + Level 4.7 Hexes
 + Level 4.7 Summonings
 + Level 4.7 Necromancy
 + Level 4.7 Translocations
 + Level 4.7 Transmutations
 + Level 4.7 Fire Magic
 + Level 4.7 Ice Magic
 + Level 4.7 Air Magic
 + Level 4.7 Earth Magic
 + Level 4.7 Poison Magic
 + Level 6.3 Invocations
 + Level 5.8 Evocations
 + Level 8.2 Shapeshifting


You had 17 spell levels left.
You didn't know any spells.
Your spell library contained the following spells:

 Spells                   Type           Power      Damage    Failure   Level
 Olgreb's Toxic Radiance  Pois           23%        N/A       98%         4
 Discord                  Hex            11%        N/A       100%        8
 Ignition                 Fire           11%        3d5       100%        8


Dungeon Overview and Level Annotations

Branches:
Dungeon (1/1)

Altars:
Ashenzari
Cheibriados
Dithmenos
Elyvilon
Fedhas
Gozag
Hepliaklqana
Kikubaaqudgha
Makhleb
Nemelex Xobeh
Okawaru
Qazlal
Ru
Sif Muna
Trog
Uskayaw
Vehumet
Wu Jian
Xom
Yredelemnul
Zin
The Shining One
Jiyva
Lugonu

Annotations:
D 1 transporter


Innate Abilities, Weirdness & Mutations

You are a hulking beast.
Your limbs bulge with bestial killing power. (Slay +5)
You have very sharp teeth.
Your uncanny sense of smell can sniff out nearby items.
Your experience applies equally to all skills.


Message History

You block the jumping spider's attack.
SHROANNG!
You slice the jumping spider!!
You kill the jumping spider!
Cheibriados thoroughly appreciates the change of pace.
Cheibriados raises the support of your attributes as your movement slows. x2
Your Invocations skill increases to level 6!
Things that are here:
a jumping spider corpse; a jumping spider corpse You pick up the Unrestrained Analects and begin reading...
You add the spells Olgreb's Toxic Radiance, Ignition and Discord to your library.
You see here the +3 giant club "Skullcrusher" {speed, Str+7}.
You start resting.
Magic restored.
There is a transporter here.
You see here a +6 broad axe of flaming.
There is a transporter here.
Welcome to arena 3.
You enter the transporter and appear at another place.
A deep elf zephyrmancer, 2 deep elf knights and a deep elf pyromancer come into view.
The deep elf zephyrmancer shouts!
The deep elf knight shouts!
The deep elf pyromancer shouts!
The deep elf zephyrmancer casts a spell at you.
The bolt of lightning hits you! You resist.
Found four items.
Found a transporter.
Okay, then.
You block the deep elf knight's attack.
PTOANNNG!
The deep elf knight points at you and mumbles some strange words.
The shard of ice hits you!!
The deep elf knight gestures wildly while chanting.
The deep elf knight flickers and vanishes!
Deactivating autopickup; reactivate with Ctrl-A.
The deep elf zephyrmancer casts a spell at you.
The bolt of lightning hits you. You resist. The bolt of lightning hits you!
You resist.
* * * LOW HITPOINT WARNING * * *
You barely miss the deep elf knight. Your bite misses the deep elf knight.
The deep elf knight hits you with a +0 scimitar!
You die...

▓▓▓▓▓▓▓▓▓▓▓▓▓▓▓▓▓▓▓
▓.8©8.▓.8©8.▓.8©8.▓
∆
▓.)==.▓.))..▓.....▓
∆
▓..e..▓.....▓.)...▓
▓.ee{.▓.....▓.....▓
▓..h..▓.....▓.)...▓
▓.....▓..†..▓..©..▓
▓..©..▓..©..▓▓▓▓▓▓▓
▓▓▓▓▓▓▓▓▓▓▓▓▓ ∆∆∆
∆∆∆ ∆ ∆ ∆


You could see a deep elf knight, a deep elf pyromancer and a deep elf
zephyrmancer.

Vanquished Creatures
  3 jumping spiders (D)
  A naga (D)
  An adder (D)
5 creatures vanquished.

Notes
Turn   | Place    | Note
-------+----------+-------------------------------------------
     0 | D        | garrulousMonolith the Gnoll Shapeshifter began the quest
                  | for the Orb.
     0 | D        | Reached XP level 1. HP: 17/17 MP: 1/1
     0 | D        | Found a shimmering blue altar of Sif Muna.
     0 | D        | Found a sacrificial altar of Ru.
     0 | D        | Found a bloodstained altar of Trog.
     0 | D        | Found a stormy altar of Qazlal.
     0 | D        | Found an iron altar of Okawaru.
     0 | D        | Found a sparkling altar of Nemelex Xobeh.
     0 | D        | Found a blossoming altar of Fedhas.
     0 | D        | Found the +6 Majin-Bo {spellvamp, MP+6 Int+6}
     0 | D        | Found the +27 heavy crossbow "Sniper" {heavy, Acc+∞ SInv}
     0 | D        | Found the +10 dark maul {heavy}
     0 | D        | Found the +15 Maxwell's patent armour {-Cast -Tele rElec
                  | Will+ rCorr}
     0 | D        | Found the +18 shield of the Gong {Loud rN+ Will+ rCorr
                  | EV-5}
     0 | D        | Found the +16 obsidian axe {drain, demonic, Mesm Drain Fly
                  | SInv}
     0 | D        | Found the +7 great mace "Firestarter" {flame, immolate,
                  | rFlCloud rF++}
     0 | D        | Found the +6 shillelagh "Devastator" {shatter}
     0 | D        | Found the +11 plutonium sword {Contam Stlth-}
     0 | D        | Found the +8 lance "Wyrmbane" {slay drac, rPois rF+ rC+
                  | AC+3}
     0 | D        | Found the +9 sword of Zonguldrok {reap}
     0 | D        | Found the +13 scythe of Curses {drain, curses, Drain}
     0 | D        | Found the +9 sword of Power {lifebolt}
     0 | D        | Found the +7 mace of Variability {chaos, chaos arc}
     0 | D        | Found the +11 Singing Sword {sonic wave}
     0 | D        | Found the +8 storm bow {elec, penet}
     2 | D        | Found a transporter.
     2 | D        | Found an ancient bone altar of Kikubaaqudgha.
     2 | D        | Found a viscous altar of Jiyva.
     2 | D        | Found a corrupted altar of Lugonu.
     2 | D        | Found a hazy altar of Hepliaklqana.
     2 | D        | Found a burning altar of Makhleb.
     2 | D        | Found an opulent altar of Gozag.
    53 | D        | Became a worshipper of Cheibriados the Contemplative
    54 | D        | Reached skill level 5 in Dodging
    54 | D        | Reached XP level 2. HP: 24/24 MP: 1/5
   102 | D        | Entered arena 2.
   102 | D        | Noticed a naga
   102 | D        | Found a transporter.
   107 | D        | Killed a naga
   108 | D        | Reached XP level 3. HP: 28/31 MP: 6/8
   108 | D        | Reached XP level 4. HP: 35/38 MP: 6/9
   108 | D        | Reached XP level 5. HP: 40/43 MP: 6/10
   140 | D        | Entered arena 3.
   140 | D        | Found the +3 giant club "Skullcrusher" {speed, Str+7}
   140 | D        | Noticed a jumping spider
   140 | D        | Noticed a jumping spider
   140 | D        | Noticed a jumping spider
   140 | D        | Found a transporter.
   141 | D        | Killed a jumping spider
   141 | D        | Reached * piety under Cheibriados
   142 | D        | Reached skill level 5 in Fighting
   142 | D        | Reached skill level 5 in Invocations
   142 | D        | Reached XP level 6. HP: 51/51 MP: 10/13
   142 | D        | Killed a jumping spider
   143 | D        | Reached skill level 5 in Short Blades
   143 | D        | Reached skill level 5 in Long Blades
   143 | D        | Reached skill level 5 in Axes
   143 | D        | Reached skill level 5 in Maces & Flails
   143 | D        | Reached skill level 5 in Polearms
   143 | D        | Reached skill level 5 in Staves
   143 | D        | Reached skill level 5 in Ranged Weapons
   143 | D        | Reached skill level 5 in Throwing
   143 | D        | Reached skill level 5 in Armour
   143 | D        | Reached skill level 5 in Stealth
   143 | D        | Reached skill level 5 in Shields
   143 | D        | Reached skill level 5 in Spellcasting
   143 | D        | Reached skill level 5 in Evocations
   143 | D        | Reached XP level 7. HP: 58/58 MP: 10/15
   144 | D        | Killed a jumping spider
   144 | D        | Reached ** piety under Cheibriados
   177 | D        | Entered arena 4.
   177 | D        | Noticed a deep elf zephyrmancer
   177 | D        | Noticed a deep elf knight
   177 | D        | Noticed a deep elf knight
   177 | D        | Noticed a deep elf pyromancer
   177 | D        | Found a transporter.
   180 | D        | Slain by a deep elf knight

Illustrated notes

Levels and vault maps discovered:
D:        sprint_v [room_start, room_1, room_2, room_3, room_4, room_5, room_6,
          room_7, room_8, room_9, room_10, room_11, room_12, room_13, room_14,
          room_15, room_16, room_17, room_18, room_19, room_20, room_21,
          room_22, room_23, room_24, room_25, room_26, room_27]

Skill      XL: |  1  2  3  4  5  6  7 |
---------------+----------------------+-----
Fighting       | 3 4 5 6 |  6.4
Short Blades   | 2 3 4 5 |  5.8
Long Blades    | 2 3 4 5 |  5.8
Axes           | 2 3 4 5 |  5.8
Maces & Flails | 2 3 4 5 |  5.8
Polearms       | 2 3 4 5 |  5.8
Staves         | 2 3 4 5 |  5.8
Ranged Weapons | 2 3 4 5 |  5.8
Throwing       | 2 3 4 5 |  5.8
Armour         | 2 3 4 5 |  5.8
Dodging        | 5 6 7 |  7.4
Stealth        | 2 3 4 5 |  5.8
Shields        | 2 3 4 5 |  5.8
Unarmed Combat | 7 8 |  8.8
Spellcasting   | 2 3 4 5 |  5.8
Conjurations   | 2 3 4 |  4.7
Hexes          | 2 3 4 |  4.7
Summonings     | 2 3 4 |  4.7
Necromancy     | 2 3 4 |  4.7
Translocations | 2 3 4 |  4.7
Transmutations | 2 3 4 |  4.7
Fire Magic     | 2 3 4 |  4.7
Ice Magic      | 2 3 4 |  4.7
Air Magic      | 2 3 4 |  4.7
Earth Magic    | 2 3 4 |  4.7
Poison Magic   | 2 3 4 |  4.7
Invocations    | 2 4 5 6 |  6.3
Evocations     | 2 3 4 5 |  5.8
Shapeshifting  | 7 8 |  8.2

Action                     |  1- 3 |  4- 6 |  7- 9 || total
---------------------------+-------+-------+-------++-------
  Melee: Double sword      |     4 |     2 |     2 ||     8
    Use: Potion            |     1 |       |       ||     1
 Armour: Plate armour      |     2 |       |       ||     2
  Block: Kite shield       |     5 |       |     3 ||     8

Table legend: (Time is in decaauts)
 A = Elapsed time spent in this place.
 B = Non-inter-level travel time spent in this place.
 C = Inter-level travel time spent in this place.
 D = Time resting spent in this place.
 E = Time spent auto-exploring this place.
 F = Levels seen in this place.
 G = Mean time per level.
                   A        B        C        D        E       F      G
               +--------+--------+--------+--------+--------+-----+--------+
         Total |    194 |    194 |      0 |     77 |      0 |   1 |  194.0 |
       Dungeon |    194 |    194 |      0 |     77 |      0 |   1 |  194.0 |
               +--------+--------+--------+--------+--------+-----+--------+

Top non-repeatable levels by time:
       D: 194 daAuts
